 Dungeon Crawl Stone Soup version 0.28-a0-1524-ge72afd5fc6 (webtiles) character file.

Game seed: 5585905608625290403

44 HallandMoats the Skirmisher (level 3, 0/29 HPs)
             Began as a Demonspawn Fighter on Jan 18, 2022.
             Was an Initiate of Yredelemnul.
             Slain by a goblin (1 damage)
             ... led by Robin
             ... on level 3 of the Dungeon.
             The game lasted 00:01:47 (1880 turns).

HallandMoats the Skirmisher (Demonspawn Fighter)    Turns: 1880, Time: 00:01:48

Health: 0/29       AC:  6    Str: 18    XL:     3   Next: 41%
Magic:  3/3        EV:  9    Int:  9    God:    Yredelemnul [......]
Gold:   76         SH:  4    Dex: 12    Spells: 2/2 levels left

rFire   . . .      SeeInvis .   a - +0 war axe
rCold   . . .      Faith    .   c - +0 buckler
rNeg    . . .      Spirit   .   b - +0 scale mail
rPois   .          Reflect  .   (no helmet)
rElec   .          Harm     .   (no cloak)
rCorr   .          Rampage  .   (no gloves)
Will    .....                   (no boots)
Stlth   ..........              (no amulet)
HPRegen 0.09/turn               (no ring)
MPRegen 0.08/turn               (no ring)

@: no status effects
A: claws 1, foul stench 1
a: Renounce Religion, Recall Undead Harvest


You were on level 3 of the Dungeon.
You worshipped Yredelemnul.
Yredelemnul was noncommittal.
You visited 1 branch of the dungeon, and saw 3 of its levels.

You collected 76 gold pieces.

Inventory:

Hand Weapons
 a - a +0 war axe (weapon)
Armour
 b - a +0 scale mail (worn)
 c - a +0 buckler (worn)
Jewellery
 f - an amulet of reflection
Scrolls
 e - a scroll of fear {unknown}
 g - a scroll of enchant weapon {unknown}
 h - a scroll of brand weapon {unknown}
 i - a scroll of vulnerability {unknown}
 j - 3 scrolls of immolation {unknown}
 k - a scroll of fog {unknown}
 l - a scroll of holy word {unknown}
Potions
 d - a potion of might


   Skills:
 * Level 3.5 Fighting
 * Level 2.4 Axes
 + Level 2.9 Armour
 + Level 0.8 Dodging
 + Level 2.8 Shields


You had 2 spell levels left.
You didn't know any spells.
Your spell library was empty.

Dungeon Overview and Level Annotations

Branches:
Dungeon (3/15)

Altars:
Yredelemnul

Shops:
D:2 ?(!(:

Annotations:
D:3 Robin


Innate Abilities, Weirdness & Mutations

You have sharp fingernails.
You may rarely emit foul miasma when damaged in melee.


Message History

The goblin hits you but does no damage. The hobgoblin hits you.
Your hobgoblin zombie closely misses Robin.
The goblin hits you but does no damage.
Robin says, "A pitiful Demonspawn like you will never find the ORB!"
The kobold hits you but does no damage. The hobgoblin closely misses you.
You block the hobgoblin's attack. The goblin barely misses you.
You block the hobgoblin's attack.
Your hobgoblin zombie hits Robin.
You block the goblin's attack. The kobold hits you but does no damage.
Robin hits you with a +0 spear. The hobgoblin hits you.
The hobgoblin closely misses you. The goblin closely misses you.
The hobgoblin barely misses you.
Your hobgoblin zombie barely misses Robin.
You block the goblin's attack. Robin hits you with a +0 spear.
The kobold barely misses you. The hobgoblin misses you.
The goblin hits you with a +0 dagger.
* * * LOW HITPOINT WARNING * * *
The hobgoblin barely misses you.
The hobgoblin hits you but does no damage.
Unknown command.
Unknown command.
Unknown command.
The goblin barely misses you.
The kobold hits you with a +0 short sword.
* * * LOW HITPOINT WARNING * * *
The hobgoblin barely misses you. The goblin closely misses you.
The hobgoblin barely misses you. x2
Your hobgoblin zombie hits Robin but does no damage.
The goblin closely misses you.
Robin's bangles clink loudly.
The kobold closely misses you. The hobgoblin barely misses you.
You block the hobgoblin's attack. The goblin hits you with a +0 dagger.
* * * LOW HITPOINT WARNING * * *
The hobgoblin barely misses you.
Your hobgoblin zombie closely misses Robin.
You block the goblin's attack. Robin barely misses you.
You block the kobold's attack.
The hobgoblin hits you but does no damage.
You block the hobgoblin's attack. The goblin hits you with a +0 dagger.
You die...
Your body rises from the dead as a mindless zombie.

##.#. .#
....#.#
#...#.#
#...#.# #
####...#.#.#
......gg.#.#
#..gggg..#
#..gg@g####.#
##.Zg#K.....#
##########.#


You could see Robin (ally target), 3 hobgoblins, 6 goblins, a kobold and a
friendly hobgoblin zombie.

Vanquished Creatures
  4 bats
  2 endoplasms (D:1)
  A giant cockroach (D:2)
  6 goblins
  6 hobgoblins
  4 jackals (D:1)
  A quokka (D:1)
  2 ball pythons (D:2)
  A frilled lizard (D:1)
  2 kobolds
  3 rats
32 creatures vanquished.

Vanquished Creatures (collateral kills)
  A worm (D:2)
  2 goblins
  A ball python (D:2)
  A bat (D:2)
5 creatures vanquished.

Vanquished Creatures (others)
  6 plants (D:2)
6 creatures vanquished.

Grand Total: 43 creatures vanquished

Notes
Turn   | Place    | Note
-------+----------+-------------------------------------------
     0 | D:1      | HallandMoats the Demonspawn Fighter began the quest for the
                  | Orb.
     0 | D:1      | Reached XP level 1. HP: 18/18 MP: 1/1
   417 | D:1      | Found a faded altar of an unknown god.
   426 | D:1      | Prayed at the altar of an unknown god.
   426 | D:1      | Became a worshipper of Yredelemnul the Dark
   426 | D:1      | Reached * piety under Yredelemnul
   444 | D:1      | Gained mutation: You may rarely emit foul miasma when
                  | damaged in melee. [demonic ancestry]
   444 | D:1      | Reached XP level 2. HP: 24/24 MP: 2/2
   761 | D:1      | Reached ** piety under Yredelemnul
  1226 | D:2      | Found Yrosehie's Book Shop.
  1236 | D:2      | Gained mutation: You have sharp fingernails. [demonic
                  | ancestry]
  1236 | D:2      | Reached XP level 3. HP: 29/29 MP: 3/3
  1431 | D:2      | Found Hinaz's Weapon Shoppe.
  1441 | D:2      | Found Gokhyng's Distillery.
  1588 | D:2      | Found Wuaczum's Weapon Emporium.
  1722 | D:2      | Found Osokkape's Magic Scroll Emporium.
  1868 | D:3      | Noticed Robin
  1879 | D:3      | HP: 1/29 [goblin[Robin] (1)]
  1880 | D:3      | Slain by a goblin

Illustrated notes

Levels and vault maps discovered:
D:1:      zaba_arrival_water, layout_loops_corners, basic_ecumenical_altar
D:2:      layout_rooms, serial_shops, nicolae_shop_behind_doors, shop_statue,
          nicolae_shop_advertising_works [nicolae_subvault_shop_adworks], shop,
          shop, hangedman_decor_slide_cut, serial_bayou_crossing
D:3:      minmay_evil_eye, layout_loops_ring, serial_shops, shop, uniq_grinder,
          uniq_robin

Skill      XL: |  1 |
---------------+----+-----
Axes           | 2 |  2.4
Fighting       | |  3.5
Armour         | |  2.9
Dodging        | |  0.8
Shields        | |  2.8

Action                   || total
-------------------------++-------
Melee: War axe           ||    73
Armor: Scale mail        ||    59
Dodge: Dodged            ||    75
Block: Buckler           ||    30

Table legend: (Time is in decaauts)
 A = Elapsed time spent in this place.
 B = Non-inter-level travel time spent in this place.
 C = Inter-level travel time spent in this place.
 D = Time resting spent in this place.
 E = Time spent auto-exploring this place.
 F = Levels seen in this place.
 G = Mean time per level.
                   A        B        C        D        E       F      G
               +--------+--------+--------+--------+--------+-----+--------+
         Total |   1926 |   1884 |     42 |      0 |   1610 |   3 |  642.0 |
       Dungeon |   1926 |   1884 |     42 |      0 |   1610 |   3 |  642.0 |
               +--------+--------+--------+--------+--------+-----+--------+

Top non-repeatable levels by time:
     D:1: 1120 daAuts
     D:2: 793 daAuts
     D:3: 12 daAuts
